[Event "Team 45 45 League T53"]
[Site "Internet Chess Club"]
[Date "2012.06.18"]
[Round "5"]
[White "flyingpawns"]
[Black "rook9999"]
[Result "1/2-1/2"]
[WhiteElo "1827"]
[BlackElo "1867"]
[Opening "QGD semi-Slav: Meran, Wade variation"]
[ECO "D47"]
[Time "20:05:24"]
[TimeControl "2700+45"]

1. d4 d5 2. c4 c6 3. Nc3 Nf6 4. Nf3 e6 5. e3 Nbd7 6. Bd3 dxc4 7. Bxc4 b5 8. Bd3
Bb7 9. a3 a5 10. e4 Be7 11. O-O O-O 12. Be3 Qb8 13. h3 Rc8 14. e5 Nd5 15. Nxd5
exd5 16. Qd2 f6 17. exf6 Nxf6 18. Bf4 Bd6 19. Be5 Bxe5 20. Nxe5 Re8 21. Ng4 Nxg4
22. hxg4 Qd8 23. b4 a4 24. Rfe1 Qh4 25. f3 Rf8 26. Qf2 Qxf2+ 27. Kxf2 g6 28.
Rac1 Kf7 29. f4 Kg7 30. f5 gxf5 31. gxf5 Rf6 32. Re7+ Rf7 33. f6+ Kxf6 34. Rxf7+
Kxf7 35. Bxh7 Rh8 36. Bd3 Rh4 37. Ke3 Rg4 38. Rg1 Kf6 39. g3 Kg5 {Game drawn by
mutual agreement} 1/2-1/2

[Event "Team 45 45 League T53"]
[Site "Internet Chess Club"]
[Date "2012.06.16"]
[Round "5"]
[White "anna"]
[Black "krysto"]
[Result "0-1"]
[WhiteElo "1563"]
[BlackElo "1609"]
[Opening "French: advance, Euwe variation"]
[ECO "C02"]
[Time "10:03:33"]
[TimeControl "2700+45"]

1. e4 e6 2. d4 d5 3. e5 c5 4. c3 Nc6 5. Nf3 Bd7 6. Be2 Nge7 7. O-O cxd4 8. cxd4
Nf5 9. Be3 Qb6 10. b3 Be7 11. Nc3 O-O 12. Bd3 Nxe3 13. fxe3 Rac8 14. Ne2 Nb4 15.
Bb1 Bb5 16. a3 Nc6 17. Re1 Na5 18. b4 Nc4 19. Qd3 g6 20. Qb3 Ra8 21. Nc3 Bd7 22.
Bd3 Rfc8 23. Rac1 a5 24. Bxc4 Rxc4 25. b5 Rac8 26. a4 Bb4 {White resigns} 0-1

[Event "Team 45 45 League T53"]
[Site "Internet Chess Club"]
[Date "2012.06.18"]
[Round "5"]
[White "milesotoole"]
[Black "scotty30"]
[Result "1-0"]
[WhiteElo "1613"]
[BlackElo "1490"]
[Opening "Caro-Kann: Panov-Botvinnik attack"]
[ECO "B13"]
[Time "09:00:42"]
[TimeControl "2700+45"]

1. d4 d5 2. e4 c6 3. exd5 cxd5 4. c4 Nf6 5. Nc3 Bf5 6. Qb3 Nc6 7. Nge2 Na5 8.
Qa4+ Bd7 9. Qc2 Nxc4 10. b3 Nb6 11. Ba3 g6 12. Nf4 Bg7 13. Bd3 Qc7 14. g3 e5 15.
dxe5 Qxe5+ 16. Kf1 Ne4 17. Nxe4 dxe4 18. Re1 Bb5 19. Bxb5+ Qxb5+ 20. Kg2 f5 21.
Qc7 Qd7 22. Rc1 Rc8 23. Qxd7+ Kxd7 24. Rhd1+ Ke8 25. Ne6 Be5 26. Rxc8+ Nxc8 27.
Rd8+ Kf7 28. Ng5+ Kg7 29. Rd7+ Kf6 30. h4 h6 31. Rf7# {Black checkmated} 1-0

[Event "Team 45 45 League T53"]
[Site "Internet Chess Club"]
[Date "2012.06.15"]
[Round "5"]
[White "trifire"]
[Black "Berke"]
[Result "0-1"]
[WhiteElo "1490"]
[BlackElo "1651"]
[Opening "two knights defense: Fritz variation"]
[ECO "C57"]
[Time "13:00:41"]
[TimeControl "2700+45"]

1. e4 e5 2. Nf3 Nc6 3. Bc4 Nf6 4. Ng5 d5 5. exd5 Nd4 6. d6 Qxd6 7. Nxf7 Qc6 8.
Nxe5 Qxg2 9. Rf1 Qe4+ 10. Be2 Qxe5 11. c3 Nf3# {White checkmated} 0-1

[Event "Team 45 45 League T53"]
[Site "Internet Chess Club"]
[Date "2012.06.16"]
[Round "5"]
[White "chesskilleruk"]
[Black "Ptzz"]
[Result "1/2-1/2"]
[WhiteElo "2095"]
[BlackElo "2066"]
[Opening "Sicilian: closed"]
[ECO "B23"]
[Time "09:00:42"]
[TimeControl "2700+45"]

1. e4 c5 2. Nc3 g6 3. f4 Bg7 4. Nf3 Nc6 5. Bc4 e6 6. O-O Nge7 7. Qe1 O-O 8. d3
d5 9. Bb3 Nd4 10. Nxd4 cxd4 11. Nd1 dxe4 12. dxe4 b6 13. Bc4 Bb7 14. Bd3 f5 15.
Nf2 Qd6 16. Bd2 a5 17. Qe2 e5 18. Nh3 fxe4 19. Bxe4 Bxe4 20. Qxe4 Rae8 21. fxe5
Bxe5 22. Rxf8+ Rxf8 23. g3 d3 24. c3 Nf5 25. Nf4 Re8 26. Qxd3 Qxd3 27. Nxd3 Bxg3
28. Bf4 Bxf4 29. Nxf4 g5 30. Nd5 Re2 31. Rf1 Nh4 32. b4 Rg2+ 33. Kh1 Rxa2 34.
Nxb6 axb4 35. cxb4 g4 36. Nd7 Kg7 37. Nf6 h5 38. Nxh5+ Kh6 39. Nf6 Kg5 40. Ne4+
Kg6 41. b5 Rb2 42. Rf6+ Kg7 43. Rf1 Kg6 44. Rf6+ Kg7 45. Rf1 Kg6 {Game drawn by
repetition} 1/2-1/2

[Event "Team 45 45 League T53"]
[Site "Internet Chess Club"]
[Date "2012.06.18"]
[Round "5"]
[White "Jack-ONeill"]
[Black "Logos1"]
[Result "1-0"]
[WhiteElo "2102"]
[BlackElo "1957"]
[Opening "Queen's gambit declined"]
[ECO "D30"]
[Time "14:09:35"]
[TimeControl "2700+45"]

1. d4 d5 2. c4 e6 3. Nf3 Nf6 4. g3 c6 5. Bg2 Bb4+ 6. Bd2 Bd6 7. O-O dxc4 8. Qc2
b5 9. Ne5 Bxe5 10. dxe5 Nd5 11. Nc3 Bb7 12. Ne4 O-O 13. Bg5 Qc7 14. Nd6 f6 15.
Nxb7 fxg5 16. Nd6 Nd7 17. Qe4 Rad8 18. Bh3 Nxe5 19. Bxe6+ Kh8 20. Nxb5 cxb5 21.
Bxd5 Rfe8 22. Qg2 Qc5 23. Be4 Qd4 24. e3 Qd2 25. Qh3 g6 26. Kg2 g4 27. Qh4 Rf8
28. Rad1 Qa5 29. Qe7 Rde8 30. Qc5 Qb6 31. Qxb6 axb6 32. Rd5 b4 33. Rb5 Nd3 34.
Bxd3 cxd3 35. Rxb4 Rc8 36. Rxb6 Rc2 37. Rd6 Rxb2 38. Rxd3 Rxa2 39. Rd4 h5 40.
Rf4 Rd8 41. Rb1 Rdd2 42. Rb7 Kg8 43. Rbf7 Re2 44. h3 gxh3+ 45. Kxh3 Red2 46. Kh4
Ra5 47. Rf8+ Kg7 48. R4f7+ {Black resigns} 1-0

[Event "Team 45 45 League T53"]
[Site "Internet Chess Club"]
[Date "2012.06.15"]
[Round "5"]
[White "tenor"]
[Black "PandorasBox"]
[Result "1-0"]
[WhiteElo "1800"]
[BlackElo "1855"]
[Opening "Budapest: Adler variation"]
[ECO "A52"]
[Time "18:02:30"]
[TimeControl "2700+45"]

1. d4 Nf6 2. c4 e5 3. dxe5 Ng4 4. Nf3 d6 5. Nc3 Nc6 6. Bg5 Qd7 7. exd6 Bxd6 8.
h3 Nge5 9. Nxe5 Nxe5 10. e4 Qe6 11. Be2 h6 12. Be3 O-O 13. Qb3 Qg6 14. O-O-O Be6
15. f4 Qg3 16. Nd5 Bxd5 17. fxe5 Bxc4 18. Bxc4 Bxe5 19. Bd4 Bf4+ 20. Kb1 Qxg2
21. Qd3 Bh2 22. Rhg1 Bxg1 23. Rxg1 Qxg1+ 24. Bxg1 Rad8 25. Qf3 b6 26. Be3 Rd6
27. e5 Rdd8 28. Qg4 Kh7 29. Qe4+ g6 30. Qf4 {Black resigns} 1-0

[Event "Team 45 45 League T53"]
[Site "Internet Chess Club"]
[Date "2012.06.16"]
[Round "5"]
[White "ivanson"]
[Black "Inquisiteur"]
[Result "0-1"]
[WhiteElo "1815"]
[BlackElo "1821"]
[Opening "Alekhine's defense: modern, Larsen variation"]
[ECO "B04"]
[Time "19:00:20"]
[TimeControl "2700+45"]

1. e4 Nf6 2. e5 Nd5 3. d4 d6 4. Nf3 dxe5 5. Nxe5 g6 6. g3 Bg7 7. Bg2 O-O 8. O-O
c6 9. Re1 Bf5 10. c3 Nd7 11. Nf3 b5 12. Nbd2 N7b6 13. Ne5 Qd6 14. Ndf3 f6 15.
Nd3 Bg4 16. Qb3 Kh8 17. Nd2 e5 18. Ne4 Qc7 19. dxe5 fxe5 20. Be3 Nxe3 21. Rxe3
Nc4 22. Ree1 Be6 23. Ndc5 Bg8 24. Qc2 Qe7 25. Rad1 Rad8 26. b3 Nb6 27. Nd3 Rfe8
28. Nec5 Bd5 29. Ne4 a5 30. Nec5 Qf7 31. Re2 Rf8 32. Nxe5 Bxe5 33. Rxe5 Bf3 34.
Rxd8 Rxd8 35. Bxf3 Qxf3 36. Qe2 Rd1+ {White resigns} 0-1

[Event "Team 45 45 League T53"]
[Site "Internet Chess Club"]
[Date "2012.06.17"]
[Round "5"]
[White "SlimeDog2"]
[Black "chesswooog"]
[Result "1/2-1/2"]
[WhiteElo "2177"]
[BlackElo "2099"]
[Opening "QGD: 6.Nf3"]
[ECO "D55"]
[Time "01:03:42"]
[TimeControl "2700+45"]

1. d4 d5 2. c4 e6 3. Nc3 Nf6 4. Nf3 Be7 5. Bg5 O-O 6. e3 a6 7. Rc1 dxc4 8. Bxc4
b5 9. Bd3 Bb7 10. Qc2 Nbd7 11. Ne5 h6 12. Nxd7 Qxd7 13. Bxf6 gxf6 14. Ne4 Bb4+
15. Ke2 Qe7 16. Qxc7 f5 17. Qxe7 Bxe7 18. Nc5 Bd5 19. a3 Kh8 20. Rhg1 Rg8 21. f3
Ra7 22. Rc2 Bd6 23. Kf1 Rb8 24. e4 fxe4 25. fxe4 Ba8 26. g4 Bf4 27. Rgg2 Be3 28.
Nb3 Rd8 29. Ke2 Bxd4 30. Nxd4 Rxd4 31. Rc8+ Kg7 32. Ke3 Rad7 33. Bxb5 Rxe4+ 34.
Kf3 Rb4+ 35. Rxa8 Rb3+ 36. Ke4 axb5 37. Rc8 Rbd3 38. Rb8 Kf6 39. Rf2+ Ke7 40.
Rb7 Rd4+ 41. Ke3 Rd3+ {Game drawn by mutual agreement} 1/2-1/2

[Event "Team 45 45 League T53"]
[Site "Internet Chess Club"]
[Date "2012.06.16"]
[Round "5"]
[White "filiusdextris"]
[Black "sonoftill"]
[Result "0-1"]
[WhiteElo "1981"]
[BlackElo "1869"]
[Opening "Sicilian: closed, 6.f4"]
[ECO "B25"]
[Time "10:00:55"]
[TimeControl "2700+45"]

1. e4 c5 2. Nc3 Nc6 3. g3 g6 4. Bg2 Bg7 5. d3 d6 6. f4 e6 7. Nf3 Nge7 8. O-O O-O
9. Be3 b6 10. d4 Ba6 11. Re1 Qc7 12. a4 Rad8 13. Nb5 Bxb5 14. axb5 Nxd4 15. Nxd4
cxd4 16. Bxd4 e5 17. Bc3 Qc5+ 18. Kh1 exf4 19. Bxg7 Kxg7 20. Rxa7 Nc8 21. Ra3
fxg3 22. hxg3 Qxb5 23. Qd4+ Qe5 24. Rd1 Rde8 25. Rc3 Qxd4 26. Rxd4 Re5 27. Bh3
Ne7 28. Rxd6 Rxe4 29. Rxb6 Nd5 30. Rbc6 Nxc3 31. Rxc3 Re2 32. Bf1 Rd2 33. b4 h5
34. b5 Ra8 35. Bg2 Ra1+ 36. Kh2 Ra2 37. b6 Rdxc2 38. Rxc2 Rxc2 39. b7 Rb2 40.
Kh3 f5 41. Bc6 Kf6 42. Bd5 g5 43. Bg2 Ke5 44. Bc6 f4 45. gxf4+ Kxf4 46. Bg2 h4
47. Kh2 g4 48. Kg1 Kg3 49. Be4 h3 50. Kf1 h2 51. Bc6 Kf4 52. Bd5 g3 53. Bc6 Ke5
54. Bh1 Kd6 55. Be4 Kc7 56. Bd5 Rb1+ {White resigns} 0-1

[Event "Team 45 45 League T53"]
[Site "Internet Chess Club"]
[Date "2012.06.17"]
[Round "5"]
[White "RD1974"]
[Black "katikus"]
[Result "0-1"]
[WhiteElo "1628"]
[BlackElo "1837"]
[Opening "Sicilian: closed, 6.Be3"]
[ECO "B26"]
[Time "19:04:57"]
[TimeControl "2700+45"]

1. e4 c5 2. Nc3 g6 3. g3 Bg7 4. Bg2 Nc6 5. d3 d6 6. Be3 Nf6 7. h3 O-O 8. Nf3 d5
9. Bxc5 dxe4 10. dxe4 Qa5 11. Be3 Nxe4 12. O-O Nxc3 13. bxc3 Rd8 14. Qe2 Bxc3
15. Rad1 Be6 16. Ng5 Bd5 17. Ne4 Bxe4 18. Bxe4 Qxa2 19. Qb5 Qe6 20. Bd5 Qxh3 21.
Bxf7+ Kxf7 22. Qc4+ Kg7 23. Qxc3+ e5 24. Rb1 Rab8 25. Qc5 Qd7 26. c3 Qd5 27. Qa3
b6 28. Qc1 Qf3 29. Bh6+ Kg8 30. Bg5 Rd3 31. Rb3 Nd4 32. cxd4 Rxb3 33. Qc4+ Qf7
34. d5 Ra3 35. Qb4 Rf3 36. d6 Rf8 37. Qd2 Rxg3+ 38. Kh2 Rxg5 39. Qxg5 Qf4+ 40.
Qg3 Qd4 41. Qb3+ Kg7 42. Qe6 Qf4+ 43. Kg2 Qf3+ 44. Kg1 Rf5 45. Qe7+ Kh6 46. Rc1
Qxf2+ 47. Kh1 Rh5+ {White resigns} 0-1

[Event "Team 45 45 League T53"]
[Site "Internet Chess Club"]
[Date "2012.06.15"]
[Round "5"]
[White "iceface"]
[Black "Tjet"]
[Result "1-0"]
[WhiteElo "1596"]
[BlackElo "1445"]
[Opening "Philidor: exchange variation"]
[ECO "B07"]
[Time "16:01:55"]
[TimeControl "2700+45"]

1. e4 d6 2. d4 e5 3. Nf3 exd4 4. Nxd4 a6 5. Bc4 Nf6 6. Nc3 Be7 7. O-O O-O 8. Re1
b5 9. Bd5 Nxd5 10. Nxd5 Bb7 11. Nxe7+ Qxe7 12. Nf5 Qf6 13. Re3 Re8 14. Rg3 g6
15. Nh6+ Kg7 16. Rf3 Qe6 17. Rxf7+ Qxf7 18. Nxf7 Kxf7 19. Qf3+ Kg8 20. Bh6 Nd7
21. Qb3+ d5 22. exd5 Kf7 23. d6+ Re6 24. Qc3 cxd6 25. Qg7+ {Black resigns} 1-0

[Event "Team 45 45 League T53"]
[Site "Internet Chess Club"]
[Date "2012.06.15"]
[Round "5"]
[White "Sandia"]
[Black "tyler66"]
[Result "0-1"]
[WhiteElo "1438"]
[BlackElo "1418"]
[Opening "Giuoco Piano: four knights variation"]
[ECO "C50"]
[Time "10:00:09"]
[TimeControl "2700+45"]

1. e4 e5 2. Nf3 Nc6 3. Bc4 Bc5 4. Nc3 Nf6 5. h3 b6 6. d3 Bb7 7. Bg5 h6 8. Bh4
Be7 9. Qe2 d6 10. O-O-O Na5 11. Bb5+ c6 12. Ba4 b5 13. Bb3 Nxb3+ 14. cxb3 a6 15.
d4 exd4 16. Nxd4 O-O 17. Nf5 Qd7 18. Nxe7+ Qxe7 19. Bg3 d5 20. exd5 Qxe2 21.
Nxe2 Nxd5 22. Nc3 Rfd8 23. Nxd5 Rxd5 24. Rxd5 cxd5 25. f3 Kf8 26. Re1 Rd8 27.
Rd1 Ke7 28. Be5 f6 29. Bd4 Kd7 30. Rd2 Rc8+ 31. Rc2 Rxc2+ 32. Kxc2 Ke6 33. a4
Bc6 34. axb5 Bxb5 35. g3 Bf1 36. h4 Be2 37. f4 Kf5 38. Kd2 Ke4 39. Kxe2 Kxd4 40.
Kd2 h5 41. Ke2 f5 42. Kd2 Ke4 43. Ke2 d4 44. b4 d3+ 45. Kd2 Kf3 46. Kxd3 Kxg3
47. Kc4 Kxf4 48. b5 axb5+ 49. Kxb5 Kg3 50. Kc4 f4 51. b4 f3 52. b5 f2 {White
resigns} 0-1

[Event "Team 45 45 League T53"]
[Site "Internet Chess Club"]
[Date "2012.06.16"]
[Round "5"]
[White "joshq03"]
[Black "AtomicDog"]
[Result "0-1"]
[WhiteElo "1405"]
[BlackElo "1403"]
[Opening "Sicilian: Alapin's variation (2.c3)"]
[ECO "B22"]
[Time "09:00:49"]
[TimeControl "2700+45"]

1. e4 c5 2. c3 Nf6 3. e5 Nd5 4. c4 Nb6 5. Nf3 d6 6. exd6 Qxd6 7. Be2 Be6 8. b3
g6 9. Bb2 f6 10. O-O Nc6 11. Nc3 a6 12. Ne4 Qc7 13. Nxc5 Bf5 14. Ng5 Ne5 15.
Nge6 Qd6 16. d4 Bxe6 17. Nxe6 Qxe6 18. dxe5 Rd8 19. Qc2 Bg7 20. exf6 exf6 21.
Rae1 O-O 22. c5 Nd5 23. Bc4 Qc6 24. Ba3 Kh8 25. Rd1 Nf4 26. f3 f5 27. b4 b5 28.
cxb6 Bd4+ 29. Kh1 Bxb6 30. b5 axb5 31. Bxf8 Rxf8 32. Qb2+ Qf6 33. Qxf6+ Rxf6 34.
Bxb5 Bc5 35. Rd7 Rb6 36. Bc4 Rb2 37. g3 Nh3 38. Rd8+ Kg7 39. Rd7+ Kh6 40. Bg8
Nf2+ 41. Kg2 Ng4+ 42. Kh3 Rxh2# {White checkmated} 0-1

[Event "Team 45 45 League T53"]
[Site "Internet Chess Club"]
[Date "2012.06.13"]
[Round "5"]
[White "IanT"]
[Black "moodle"]
[Result "1/2-1/2"]
[WhiteElo "1534"]
[BlackElo "1326"]
[Opening "Four knights: Italian variation"]
[ECO "C55"]
[Time "20:02:32"]
[TimeControl "2700+45"]

1. e4 e5 2. Nf3 Nc6 3. Bc4 Nf6 4. Nc3 Nxe4 5. Nxe4 d5 6. Bd3 dxe4 7. Bxe4 Bg4 8.
d3 Bc5 9. O-O Qd6 10. Be3 Bxe3 11. fxe3 f5 12. Bxc6+ bxc6 13. e4 fxe4 14. dxe4
Qxd1 15. Raxd1 O-O 16. Rd3 Rfe8 17. Rc3 Rab8 18. Rxc6 Rxb2 19. Rxc7 Rxa2 20. Rc5
Rc8 21. Rxc8+ Bxc8 22. Nxe5 Rxc2 23. Rb1 a5 24. Rd1 h6 25. Rd5 Bb7 26. Rxa5 Bxe4
27. Nf3 Rc1+ 28. Kf2 Rc2+ 29. Kg3 Kf7 30. Ra7+ Kf6 31. Ra6+ Rc6 32. Ra4 Re6 33.
Nd4 Rd6 34. Nb5 Rd3+ 35. Kf2 Kf5 36. g4+ Kf4 37. Nc7 Rd2+ 38. Kf1 Kf3 39. Ra3+
Bd3+ 40. Ke1 Re2+ 41. Kd1 Ke3 42. Nd5+ Kd4 43. Rxd3+ Kxd3 44. Nf4+ Ke3 45. Nxe2
Kf3 46. Nd4+ Kxg4 47. Ke2 Kh3 48. Nf3 g5 49. Kf2 g4 50. Ne5 Kxh2 51. Nxg4+ Kh3
52. Nxh6 {Game drawn because neither player has mating material} 1/2-1/2

[Event "Team 45 45 League T53"]
[Site "Internet Chess Club"]
[Date "2012.06.16"]
[Round "5"]
[White "dschesq"]
[Black "julesraider"]
[Result "0-1"]
[WhiteElo "1591"]
[BlackElo "1604"]
[Opening "King's Indian: fianchetto, classical variation"]
[ECO "E67"]
[Time "22:04:46"]
[TimeControl "2700+45"]

1. Nf3 Nf6 2. c4 g6 3. g3 Bg7 4. Bg2 O-O 5. O-O d6 6. Nc3 Nbd7 7. d4 e5 8. d5 a5
9. h3 Re8 10. e4 Nc5 11. Be3 Ncxe4 12. Nb5 c6 13. dxc6 bxc6 14. Na3 Rb8 15. Nd2
d5 16. cxd5 cxd5 17. Bg5 {White resigns} 0-1

[Event "Team 45 45 League T53"]
[Site "Internet Chess Club"]
[Date "2012.06.16"]
[Round "5"]
[White "BosqueVerde"]
[Black "arconia"]
[Result "0-1"]
[WhiteElo "1204"]
[BlackElo "1309"]
[Opening "Benoni defense, Hromodka system"]
[ECO "A56"]
[Time "12:00:15"]
[TimeControl "2700+45"]

1. d4 Nf6 2. c4 c5 3. d5 d6 4. Nc3 a6 5. a4 Nbd7 6. Bg5 Ne5 7. Bxf6 exf6 8. Nf3
Nxc4 9. Qc2 Be7 10. e4 Ne5 11. Be2 O-O 12. O-O g6 13. h3 f5 14. Rad1 fxe4 15.
Qxe4 Bf5 16. Qf4 Bf6 17. Rfe1 Bc2 18. Ra1 Bd3 19. Nxe5 Bxe5 20. Qf3 Bxe2 21.
Rxe2 f5 22. Rae1 Qh4 23. Qe3 g5 24. Kf1 g4 25. Nd1 f4 26. Qe4 gxh3 27. f3 h2 28.
Nf2 h1=Q+ 29. Nxh1 Qxh1+ 30. Kf2 Bd4+ 31. Qxd4 Qh4+ 32. Kf1 cxd4 33. Re7 Rf7 34.
Re8+ Rxe8 35. Rxe8+ Kg7 36. Ke2 Re7+ 37. Rxe7+ Qxe7+ 38. Kd3 {White resigns} 0-1

[Event "Team 45 45 League T53"]
[Site "Internet Chess Club"]
[Date "2012.06.19"]
[Round "5"]
[White "Juan73"]
[Black "clarinetref"]
[Result "0-1"]
[WhiteElo "1675"]
[BlackElo "1647"]
[Opening "Sicilian: closed, 2...Nc6"]
[ECO "B23"]
[Time "20:30:40"]
[TimeControl "2700+45"]

1. e4 c5 2. Nc3 Nc6 3. Nf3 d6 4. Bb5 Bd7 5. d4 cxd4 6. Nxd4 Nf6 7. Be3 Qc7 8.
O-O a6 9. Ba4 Ne5 10. Bb3 e6 11. Re1 Be7 12. Qd2 Nc4 13. Bxc4 Qxc4 14. Qd3 Rc8
15. Rad1 Qxd3 16. cxd3 O-O 17. Rc1 Ng4 18. Bd2 Bf6 19. Nf3 b5 20. d4 Be7 21. e5
b4 22. Ne4 dxe5 23. dxe5 Bc6 24. Nd6 Bxd6 25. exd6 Nf6 26. Bxb4 Rfd8 27. Ne5 Bd7
28. Rc7 Rxc7 29. dxc7 Rc8 30. Ba5 Bb5 31. b3 Nd5 32. Rd1 f6 33. Nf3 Bc6 34. Rc1
Bb7 35. Nd4 Kf7 36. a3 g6 37. b4 e5 38. Nb3 Nf4 39. Rc2 Bxg2 40. Rd2 Bd5 41. Nc5
Nh3+ 42. Kf1 Nf4 43. Nxa6 Bc4+ 44. Ke1 Bxa6 45. Rd8 Nd3+ 46. Kd2 Nxf2 47. a4
Ne4+ 48. Ke3 Ng5 49. b5 Bb7 50. Bb6 Ne6 51. Rd7+ Kg8 52. Rd8+ Kf7 53. a5 Nf4 54.
a6 Nd5+ 55. Kf2 Bxa6 56. Rxd5 Bb7 57. Rd7+ Ke6 58. Rxh7 f5 59. Ba5 f4 60. b6 e4
61. Bc3 e3+ 62. Ke1 f3 63. Rh3 f2+ 64. Ke2 Ba6+ 65. Kxe3 f1=Q 66. Kd2 Qxh3
{White resigns} 0-1

[Event "Team 45 45 League T53"]
[Site "Internet Chess Club"]
[Date "2012.06.17"]
[Round "5"]
[White "dscvdchk"]
[Black "PANAMA-REY"]
[Result "1/2-1/2"]
[WhiteElo "1464"]
[BlackElo "1500"]
[Opening "English: four knights, Nimzovich variation"]
[ECO "A04"]
[Time "11:03:49"]
[TimeControl "2700+45"]

1. Nf3 Nc6 2. c4 e5 3. e4 Nf6 4. Nc3 g6 5. d4 exd4 6. Nxd4 Ne5 7. f3 Bg7 8. Bg5
h6 9. Bh4 g5 10. Bf2 d6 11. Qb3 Ned7 12. Nf5 Bf8 13. O-O-O b6 14. Be2 Nc5 15.
Qc2 Be6 16. Rhe1 Qd7 17. b4 Nb7 18. Nd5 O-O-O 19. Nxf6 Bxf5 20. Nxd7 Bxd7 21.
Bd4 Rg8 22. Qb2 c5 23. Bf6 Re8 24. a3 Bc6 25. b5 Bd7 26. a4 Na5 27. Rxd6 Bxd6
28. e5 Be7 29. Rd1 Bxf6 30. exf6 Be6 31. Qc3 g4 32. f4 Bf5 33. Bd3 Be6 34. g3
Rd8 35. Be2 Rxd1+ 36. Kxd1 Rd8+ 37. Ke1 Rd4 38. Qc2 Nxc4 39. Bxc4 Rxc4 40. Qd1
Rd4 41. Qa1 Rb4 42. a5 Bf5 43. Kf2 Kb7 44. axb6 axb6 45. Qa6+ Kc7 46. Qa7+ Kd6
47. Qxb6+ Kd5 48. Qc6+ Kc4 49. Qa6 Rb2+ 50. Ke3 Rb3+ {Game drawn by mutual
agreement} 1/2-1/2

[Event "Team 45 45 League T53"]
[Site "Internet Chess Club"]
[Date "2012.06.14"]
[Round "5"]
[White "samjalex87"]
[Black "Aquaman"]
[Result "0-1"]
[WhiteElo "1144"]
[BlackElo "1297"]
[Opening "Danish gambit"]
[ECO "C21"]
[Time "16:04:22"]
[TimeControl "2700+45"]

1. e4 e5 2. d4 exd4 3. c3 dxc3 4. Bc4 Nc6 5. Nf3 d6 6. e5 Be7 7. exd6 cxd6 8.
Qb3 Na5 9. Qb5+ Bd7 10. Qh5 Nxc4 11. Nxc3 Nf6 12. Qg5 O-O 13. Qg3 Nh5 {White
resigns} 0-1

[Event "Team 45 45 League T53"]
[Site "Internet Chess Club"]
[Date "2012.06.14"]
[Round "5"]
[White "JRussell2"]
[Black "tryanything"]
[Result "0-1"]
[WhiteElo "1416"]
[BlackElo "1607"]
[Opening "QGD: Albin counter-gambit"]
[ECO "D08"]
[Time "19:48:19"]
[TimeControl "2700+45"]

1. d4 d5 2. c4 e5 3. dxe5 d4 4. Nf3 Nc6 5. e4 Bg4 6. Be2 Bb4+ 7. Bd2 d3 8. Bxb4
dxe2 9. Qxe2 Nxb4 10. O-O Qd3 11. Qxd3 Nxd3 12. Nbd2 Ne7 13. b3 Ng6 14. h3 Bxf3
15. Nxf3 Ngxe5 16. Nxe5 Nxe5 17. f4 Nc6 18. Rfd1 Ke7 19. Rd5 Rhd8 20. Rad1 f6
21. a3 Na5 22. Rb1 Rxd5 23. exd5 b6 24. b4 Nxc4 25. Rc1 b5 26. a4 a6 27. Ra1 Nb6
28. axb5 axb5 29. Re1+ Kd7 30. Rd1 Ra4 31. Rd4 Nc4 32. f5 Rxb4 33. Rg4 Rb1+ 34.
Kh2 Re1 35. Rxg7+ Re7 36. Rg4 Kd6 37. Rd4 Ke5 38. Rd1 Kxf5 39. g4+ Kg6 40. Rd3
Rd7 41. Kg3 c6 42. d6 Rxd6 43. Rf3 Ne5 44. Rf5 c5 45. h4 Rd3+ 46. Kf4 Rf3+ 47.
Ke4 {White resigns} 0-1

[Event "Team 45 45 League T53"]
[Site "Internet Chess Club"]
[Date "2012.06.17"]
[Round "5"]
[White "JohLeb"]
[Black "matthewc"]
[Result "0-1"]
[WhiteElo "1408"]
[BlackElo "1340"]
[Opening "French: Schlechter variation"]
[ECO "C01"]
[Time "20:00:05"]
[TimeControl "2700+45"]

1. d4 e6 2. e4 d5 3. Bd3 Nf6 4. e5 Nfd7 5. Ne2 c5 6. c3 Qb6 7. Qb3 Nc6 8. Qxb6
axb6 9. b3 f6 10. f4 cxd4 11. cxd4 Nb4 12. Bb5 Nc2+ 13. Kf2 Nxa1 14. Nbc3 Nc2
15. Na4 fxe5 16. fxe5 Be7 17. Nxb6 Rb8 18. Nxc8 Rxc8 19. Rd1 O-O+ 20. Kg1 Nb6
21. a4 Ba3 22. Bg5 h6 23. Bh4 Ne3 24. Rd3 Rf1# {White checkmated} 0-1

[Event "Team 45 45 League T53"]
[Site "Internet Chess Club"]
[Date "2012.06.17"]
[Round "5"]
[White "PsyMar"]
[Black "theartist"]
[Result "0-1"]
[WhiteElo "1267"]
[BlackElo "1201"]
[Opening "French: Steinitz variation"]
[ECO "C11"]
[Time "12:31:49"]
[TimeControl "2700+45"]

1. e4 e6 2. d4 d5 3. Nc3 Nf6 4. e5 Nfd7 5. f4 Bb4 6. Bd3 Bxc3+ 7. bxc3 c5 8. f5
c4 9. fxe6 fxe6 10. Qh5+ Kf8 11. Ba3+ Kg8 12. Bxh7+ Rxh7 13. Qf3 Qh4+ 14. g3
Qe4+ {White resigns} 0-1

[Event "Team 45 45 League T53"]
[Site "Internet Chess Club"]
[Date "2012.06.19"]
[Round "5"]
[White "Cicero"]
[Black "Patzer4Life"]
[Result "0-1"]
[WhiteElo "1344"]
[BlackElo "1405"]
[Opening "French: advance, Euwe variation"]
[ECO "C02"]
[Time "15:01:51"]
[TimeControl "2700+45"]

1. e4 e6 2. d4 d5 3. e5 c5 4. c3 Nc6 5. Nf3 Bd7 6. Be2 Nge7 7. O-O Ng6 8. Qc2
Be7 9. b3 O-O 10. Be3 cxd4 11. cxd4 f6 12. exf6 Rxf6 13. Bg5 Rf7 14. Bxe7 Ngxe7
15. Ng5 Rf5 16. f4 Nxd4 17. Qd1 Nxe2+ 18. Qxe2 Qb6+ 19. Kh1 Bb5 20. Qh5 h6 21.
Nd2 Bxf1 22. Nxf1 hxg5 23. Ng3 Rxf4 24. Qxg5 Rf7 25. Nh5 Qd4 26. Rg1 Re8 27. Qg3
e5 28. Re1 Qf2 29. Qd3 Qxe1+ 30. Qf1 Rxf1# {White checkmated} 0-1

[Event "Team 45 45 League T53"]
[Site "Internet Chess Club"]
[Date "2012.06.17"]
[Round "5"]
[White "chicopee-ed"]
[Black "arconia"]
[Result "1/2-1/2"]
[WhiteElo "1327"]
[BlackElo "1310"]
[Opening "Queen's pawn: Torre attack"]
[ECO "A46"]
[Time "10:00:30"]
[TimeControl "2700+45"]

1. d4 Nf6 2. Nf3 e6 3. Bg5 Be7 4. e3 O-O 5. Bd3 b6 6. Nbd2 Bb7 7. O-O c5 8. c3
d5 9. Re1 Ne4 10. Bxe7 Qxe7 11. Bc2 Nd7 12. Ba4 Rad8 13. Bxd7 Rxd7 14. Ne5 Rd6
15. f3 f6 16. Nd3 Nxd2 17. Qxd2 c4 18. Nf2 f5 19. f4 e5 20. Nh3 h6 21. Kh1 Rg6
22. Qf2 Rg4 23. Ng1 g5 24. Nh3 Rh4 25. Ng1 Qg7 26. Nf3 Rh5 27. Nxe5 g4 28. g3
Rh3 29. Rg1 h5 30. Rg2 Rf6 31. Re1 h4 32. Re2 Rh6 33. Kg1 hxg3 34. Rxg3 Qh7 35.
Nf3 Rxg3+ 36. Qxg3 Rg6 37. Ng5 Qg7 38. Rg2 Bc6 39. Qf2 Rh6 40. h3 gxh3 41. Nxh3
Rg6 42. Rxg6 Qxg6+ 43. Qg2 Qxg2+ 44. Kxg2 Ba4 45. Kg3 Kf7 46. Ng5+ Kf6 47. Kf2
b5 48. Ke1 a5 49. Kd2 b4 50. Kc1 Ke7 51. Nf3 Kf6 52. Ne5 Kg7 53. a3 {Game drawn
by mutual agreement} 1/2-1/2

[Event "Team 45 45 League T53"]
[Site "Internet Chess Club"]
[Date "2012.06.15"]
[Round "5"]
[White "lawth3"]
[Black "Aquaman"]
[Result "0-1"]
[WhiteElo "1240"]
[BlackElo "1311"]
[Opening "Kevitz-Trajkovich defense"]
[ECO "A50"]
[Time "19:59:49"]
[TimeControl "2700+45"]

1. d4 Nf6 2. c4 Nc6 3. Nc3 e5 4. d5 Ne7 5. e4 d6 6. h3 Ng6 7. Nge2 Be7 8. Ng3
Nh4 9. Be3 O-O 10. Qb3 b6 11. Nce2 Ng6 12. f4 exf4 13. Nxf4 Nxf4 14. Bxf4 a5 15.
a4 Re8 16. Bd3 h6 17. O-O Nd7 18. Nf5 Nc5 19. Qc3 Bxf5 20. exf5 Nxd3 21. Qxd3
Bf6 22. Ra2 Be5 23. Qg3 Bxf4 24. Rxf4 Qf6 25. Rg4 Re5 26. b3 Rae8 27. Rf2 Re3
28. Rf3 Qa1+ 29. Kh2 Re1 30. Rxg7+ Qxg7 31. Qf2 Qe5+ 32. Rg3+ Kh7 33. f6 Rg8 34.
Qf3 Qxg3+ 35. Qxg3 Rxg3 36. Kxg3 Re3+ 37. Kf4 Rxb3 38. g4 Rb4 39. h4 Rxc4+ 40.
Kf5 Rxa4 41. h5 Rd4 42. g5 Rxd5+ 43. Kg4 Rxg5+ 44. Kh4 a4 {White resigns} 0-1